 Dungeon Crawl Stone Soup version 0.29.1-12-g30fa7ad0bf (webtiles) character file.

Game seed: 2055523843482243648

130 nshep25 the Insei (level 4, -6/35 HPs)
             Began as a Demonspawn Monk on Jan 3, 2023.
             Was a Believer of Dithmenos.
             Mangled by Terence
             ... wielding a +0 flail
              (10 damage)
             ... on level 2 of the Dungeon.
             The game lasted 00:06:15 (3688 turns).

nshep25 the Insei (Demonspawn Monk)                 Turns: 3688, Time: 00:06:15

Health: -6/35      AC:  2    Str: 11    XL:     4   Next: 89%
Magic:  4/4        EV: 13    Int: 14    God:    Dithmenos [**....]
Gold:   123        SH:  0    Dex: 15    Spells: 3/3 levels left

rFire   . . .      SeeInvis .   o - +0 short sword
rCold   . . .      Faith    .   (no shield)
rNeg    . . .      Spirit   .   a - +0 robe
rPois   .          Reflect  .   (helmet restricted)
rElec   .          Harm     .   (no cloak)
rCorr   .          Rampage  .   (no gloves)
Will    .....                   (no boots)
Stlth   +++.......              (no amulet)
HPRegen 0.11/turn               g - ring of wizardry
MPRegen 0.09/turn               (no ring)

@: wreathed by umbra
A: horns 1
a: Renounce Religion, Shadow Step


You were on level 2 of the Dungeon.
You worshipped Dithmenos.
Dithmenos was pleased with you.
You visited 1 branch of the dungeon, and saw 2 of its levels.

You collected 123 gold pieces.

Inventory:

Hand Weapons
 o - a +0 short sword (weapon)
Armour
 a - a +0 robe (worn)
 m - a +0 ring mail
Jewellery
 g - a ring of wizardry (left hand)
Scrolls
 c - a scroll of amnesia {unknown}
 d - 3 scrolls of immolation {unknown}
 h - a scroll of enchant weapon {unknown}
 k - a scroll of fog {unknown}
 n - a scroll of acquirement {unknown}
Potions
 b - a potion of ambrosia
 e - a potion of attraction {unknown}
 f - a potion of curing {unknown}
 i - a potion of degeneration {unknown}
 j - a potion of lignification {unknown}
 l - a potion of flight {unknown}


   Skills:
 + Level 3.5 Fighting
 + Level 3.5 Dodging
 + Level 2.6 Stealth
 + Level 3.7 Unarmed Combat


You had 3 spell levels left.
You didn't know any spells.
Your spell library contained the following spells:

 Spells                   Type           Power      Damage    Failure   Level
 Apportation              Tloc           0%         N/A       12%         1
 Ensorcelled Hibernation  Hex/Ice        0%         N/A       17%         2
 Alistair's Intoxication  Tmut/Pois      0%         N/A       95%         5


Dungeon Overview and Level Annotations

Branches:
Dungeon (2/15)

Altars:
Dithmenos

Shops:
D:2 [

Annotations:
D:2 Terence


Innate Abilities, Weirdness & Mutations

You have a pair of small horns on your head.


Message History

You hit Terence but do no damage. Your headbutt misses Terence.
Terence hits you with a +0 flail.
You completely miss Terence. Terence hits you with a +0 flail.
You closely miss Terence. Terence barely misses you.
You hit Terence but do no damage. Terence hits you with a +0 flail!
You barely miss Terence. You headbutt Terence.
Terence is moderately wounded.
Terence shouts, "ATTACK!!!"
Terence barely misses you. Terence screams, "I want your blood!"
Terence hits you with a +0 flail.
You hit Terence but do no damage.
Terence is moderately wounded.
Terence closely misses you.
You hit Terence.
Terence is moderately wounded.
Terence barely misses you.
You hit Terence but do no damage. Your headbutt misses Terence.
Terence is moderately wounded.
Terence barely misses you.
You completely miss Terence. You headbutt Terence, but do no damage.
Terence is moderately wounded.
Terence hits you with a +0 flail.
You hit Terence but do no damage.
Terence is moderately wounded.
Terence hits you with a +0 flail!
* * * LOW HITPOINT WARNING * * *
You hit Terence.
Terence is heavily wounded.
Terence barely misses you.
You closely miss Terence. You headbutt Terence, but do no damage.
Terence is heavily wounded.
Terence barely misses you.
You barely miss Terence.
Terence is heavily wounded.
Terence completely misses you.
You hit Terence.
Terence is heavily wounded.
Terence hits you with a +0 flail!
You die...

#.. #.....## #.
#....... .. #.###.
#.....####.##.....
#....... #..#.###.
##.....#.##..#.###.
#..[.....##......<.
#..@.....##..#.###.
##.@#####..#..#.###.
#..##...##.....[....
#..#.....#....#####.
#..#.....#.....####.
#..#..)..#..##...##.
#..##...##..####....
##..##'##...........
##........#########
#......#.#


You could see Terence.

Vanquished Creatures
  Jessica (D:2)
  Natasha (D:1)
  2 adders (D:2)
  A worm (D:2)
  3 dart slugs
  6 bats
  4 endoplasms
  2 giant cockroaches (D:1)
  2 goblins
  2 hobgoblins
  2 jackals (D:1)
  3 kobolds (D:1)
  7 quokkas
  7 ball pythons
  A frilled lizard (D:2)
  5 rats
49 creatures vanquished.

Notes
Turn   | Place    | Note
-------+----------+-------------------------------------------
     0 | D:1      | nshep25 the Demonspawn Monk began the quest for the Orb.
     0 | D:1      | Reached XP level 1. HP: 18/18 MP: 1/1
   149 | D:1      | Gained mutation: You have a pair of small horns on your
                  | head. [demonic ancestry]
   149 | D:1      | Reached XP level 2. HP: 24/24 MP: 2/2
   898 | D:1      | Reached XP level 3. HP: 28/29 MP: 3/3
  1400 | D:2      | Noticed Natasha
  1450 | D:1      | Killed Natasha
  2568 | D:2      | Reached XP level 4. HP: 28/35 MP: 4/4
  2745 | D:2      | Found a faded altar of an unknown god.
  2786 | D:2      | Prayed at the altar of an unknown god.
  2786 | D:2      | Became a worshipper of Dithmenos the Shadowed
  2786 | D:2      | Reached * piety under Dithmenos
  2786 | D:2      | Reached ** piety under Dithmenos
  2877 | D:2      | Noticed Jessica
  2902 | D:2      | Killed Jessica
  2992 | D:2      | Got Jessica's Guide on Imprecation
  3011 | D:2      | Found Koitzog's Armour Boutique.
  3671 | D:2      | Noticed Terence
  3688 | D:2      | Mangled by Terence

Illustrated notes

Levels and vault maps discovered:
D:1:      dpeg_arrival_rooms_b, layout_basic, hangedman_decor_push,
          minmay_misc_feat_ornament, minmay_bisected
D:2:      layout_basic, serial_shops, shop, dreamdust_ecumenical_altar_grove,
          grunt_ministairs_11, kennysheep_jessica_study, uniq_terence,
          uniq_natasha

Skill      XL: |  1  2 |
---------------+-------+-----
Unarmed Combat | 3 |  3.7
Dodging        | 3 |  3.5
Stealth        | 2 |  2.6
Fighting       | |  3.5

Action                   |  1- 3 |  4- 6 || total
-------------------------+-------+-------++-------
Melee: Unarmed           |    95 |    68 ||   163
       Punch             |     4 |     2 ||     6
       Headbutt          |    15 |    13 ||    28
       Short sword       |       |    14 ||    14
 Stab: Sleeping          |     5 |     6 ||    11
Armor: Robe              |    25 |     5 ||    30
Dodge: Dodged            |    69 |    49 ||   118
